 Dungeon Crawl Stone Soup version 0.19.5 (webtiles) character file.

4317 AAAAA the Covert (level 10, -5/60 HPs)
             Began as an Octopode Assassin on Apr 17, 2017.
             Was an Initiate of Gozag.
             Slain by an orc warrior
             ... wielding a +0 trident
              (13 damage)
             ... on level 8 of the Dungeon.
             The game lasted 00:13:07 (9355 turns).

AAAAA the Covert (Octopode Assassin)                Turns: 9355, Time: 00:13:09

Health: -5/60      AC:  3    Str: 10    XL:     10   Next: 33%
Magic:  10/10      EV: 13    Int: 16    God:    Gozag
Gold:   1228       SH:  8    Dex: 15    Spells: 0 memorised, 9 levels left

rFire  . . .     SeeInvis .     a - +3 dagger
rCold  + . .     Gourm    .     s - +1 shield
rNeg   + . .     Faith    .     (helmet restricted)
rPois  .         Spirit   .     (no amulet)
rElec  .         Reflect  .     h - +2 ring of slaying
rCorr  .         Harm     .     n - +3 ring of evasion
MR     .....                    r - ring of positive energy
Stlth  +++++++...               F - +2 ring of protection
                                H - ring of protection from cold
                                (no ring)
                                (no ring)
                                (no ring)

@: no status effects
A: almost no armour, stealthy swim, amphibious, 8 rings, constrict 8, camouflage
1, gelatinous body 1
a: Potion Petition, Call Merchant, Bribe Branch, Renounce Religion


You were on level 8 of the Dungeon.
You worshipped Gozag.
Gozag was most pleased with you.
You were not hungry.

You visited 1 branch of the dungeon, and saw 8 of its levels.

You collected 1253 gold pieces.
You paid 25 gold pieces to Gozag.

Inventory:

Hand Weapons
 a - a +3 dagger (weapon)
 b - a +0 blowgun
 y - a +0 dagger of protection
 A - a +0 whip of venom
Missiles
 c - 22 poisoned needles
 d - a curare-tipped needle
 e - 229 stones (quivered)
 C - a needle of paralysis
Armour
 s - a +1 shield (worn)
Jewellery
 h - a +2 ring of slaying (left tentacle)
 n - a +3 ring of evasion (right tentacle)
 r - a ring of positive energy (on tentacle)
 F - a +2 ring of protection (on tentacle)
 H - a ring of protection from cold (on tentacle)
 J - a cursed -2 ring of evasion
Wands
 l - a wand of paralysis (10/24)
 B - a wand of teleportation (1/9)
 K - a wand of iceblast (6/15)
Scrolls
 g - a scroll of blinking
 i - 2 scrolls of enchant armour
 k - 3 scrolls of teleportation
 m - 5 scrolls of recharging
 w - a scroll of fog {unknown}
 z - 2 scrolls of torment {unknown}
 G - a scroll of remove curse
Potions
 j - 2 potions of cancellation {unknown}
 o - 3 potions of agility
 p - 2 potions of resistance {unknown}
 q - a potion of flight {unknown}
 v - 2 potions of degeneration {unknown}
 x - a potion of berserk rage {unknown}
 D - 2 potions of curing {unknown}
 E - a potion of lignification {unknown}
 L - a potion of haste {unknown}
Books
 t - a book of Conjurations

   Spells                             Type                      Level
   a - Magic Dart                     Conjuration                  1
   b - Searing Ray                    Conjuration                  2
   c - Dazzling Spray                 Conjuration/Hexes            3
   d - Fulminant Prism                Conjuration/Hexes            4
   e - Iskenderun's Mystic Blast      Conjuration                  4
   f - Iskenderun's Battlesphere      Conjuration/Charms           5
 I - a book of Frost

   Spells                             Type                      Level
   a - Freeze                         Ice                          1
   b - Throw Frost                    Conjuration/Ice              2
   c - Ozocubu's Armour               Charms/Ice                   3
   d - Throw Icicle                   Conjuration/Ice              4
   e - Summon Ice Beast               Ice/Summoning                4
Comestibles
 f - 6 bread rations
 u - 2 meat rations


   Skills:
 + Level 2.0 Fighting
 - Level 10.6 Short Blades
 - Level 2.0 Throwing
 - Level 1.0 Dodging
 * Level 14.8 Stealth
 + Level 0.4 Shields


You had 9 spell levels left.
You didn't know any spells.

Dungeon Overview and Level Annotations

Branches:
Dungeon (8/15)             Temple (0/1) D:5
   Lair: D:8-11

Altars:
Dithmenos
Elyvilon
Fedhas
Gozag
Nemelex Xobeh
Okawaru
Qazlal
Sif Muna
Uskayaw
Xom
Zin


Innate Abilities, Weirdness & Mutations

You cannot wear most types of armour.
You are very stealthy in the water. (Stealth+)
You are amphibious.
You can wear up to eight rings at the same time.
You can use your tentacles to constrict eight enemies at once.
Your skin changes colour to match your surroundings (Stealth+).
Your rubbery body absorbs attacks. (AC +1, EV +1)


Message History

You squeeze the orc warrior!
The orc warrior is almost dead.
You constrict the orc warrior. You block the orc's attack.
The orc warrior hits you with a trident!
You hit the orc warrior but do no damage.
The orc warrior is almost dead.
You constrict the orc warrior, but do no damage.
You hit the orc warrior but do no damage.
The orc warrior is almost dead.
You constrict the orc warrior, but do no damage.
The orc warrior hits you with a trident!
* * * LOW HITPOINT WARNING * * *
The orc misses you.
You hit the orc warrior but do no damage.
You squeeze the orc warrior, but do no damage.
The orc warrior is almost dead.
You constrict the orc warrior.
The orc warrior hits you with a trident!
You die...
Your body crumbles into a pile of gold.

#.#.#....###.#..# $
#.#.#...^.####..##
#...oo............
#.#.#...#.####..## #.#.#.#.#.##
#..# #.#.#o#.#..# #..#
#.#......#.# #..#
#.#$#.#.)#.###..# ###
#@#'#'#.....##..## ###########.#
#oo.......#.##....
............####............##.##
###..........................#.#
# #..######.#.#........##....#.#
# #..#### #.#.#........###...#.#
###.....# #....................#
........# #.#.#.......####...#.##
###.....###.#.#..###### #.......


You could see an orc warrior and an orc.

Vanquished Creatures
  The ghost of Sanvar the Transmogrifier, a novice OpTm (D:6)
  A hill giant (D:7)
  Grinder (D:4)
  A hippogriff (D:7)
  2 orc warriors (D:6)
  3 ice beasts
  2 sky beasts
  An ogre (D:7)
  3 phantoms (D:7)
  4 centaurs
  3 bullfrogs
  3 scorpions
  A killer bee (D:8)
  2 howler monkeys
  A lava snake (D:8)
  A centaur zombie (D:4)
  7 crimson imps
  A bullfrog zombie (D:4)
  A hound (D:5)
  4 orc priests
  2 bullfrog skeletons
  A centaur skeleton (D:7)
  6 orc wizards
  Ijyb (D:4)
  3 iguanas
  8 worker ants
  A hound skeleton (D:5)
  3 worker ant zombies (D:4)
  A howler monkey zombie (D:4)
  5 adders
  An ooze (D:1)
  2 adder zombies
  2 adder skeletons
  2 worms (D:2)
  2 leopard geckos
  21 orcs
  9 bats
  2 giant cockroaches
  13 goblins
  2 hobgoblins
  7 jackals
  A quokka (D:3)
  3 ball pythons
  2 ball python skeletons (D:4)
  4 frilled lizards
  A giant cockroach zombie (D:4)
  A jackal skeleton (D:6)
  11 kobolds
  2 rats
162 creatures vanquished.

Vanquished Creatures (others)
  A quokka (D:7)
1 creature vanquished.

Grand Total: 163 creatures vanquished

Notes
Turn   | Place    | Note
-------+----------+-------------------------------------------
     0 | D:1      | AAAAA the Octopode Assassin began the quest for the Orb.
     0 | D:1      | Reached XP level 1. HP: 14/14 MP: 1/1
   343 | D:1      | Reached XP level 2. HP: 19/19 MP: 2/2
   703 | D:1      | Reached XP level 3. HP: 19/24 MP: 3/3
  1185 | D:2      | Reached skill level 6 in Stealth
  1390 | D:2      | Found a faded altar of an unknown god.
  1390 | D:2      | Found a faded altar of an unknown god.
  1395 | D:2      | Found a glowing silver altar of Zin.
  1397 | D:2      | Found a faded altar of an unknown god.
  1399 | D:2      | Found a faded altar of an unknown god.
  1547 | D:2      | Found an opulent altar of Gozag.
  1589 | D:2      | Became a worshipper of Gozag Ym Sagoz the Greedy
  2132 | D:3      | Noticed a scorpion
  2155 | D:3      | Killed a scorpion
  2155 | D:3      | Reached XP level 4. HP: 14/29 MP: 4/4
  2955 | D:4      | Noticed Ijyb
  3004 | D:4      | Killed Ijyb
  3004 | D:4      | Reached skill level 7 in Stealth
  3004 | D:4      | Reached XP level 5. HP: 28/34 MP: 5/5
  3310 | D:4      | Found a blossoming altar of Fedhas.
  3311 | D:4      | Reached XP level 6. HP: 39/39 MP: 6/6
  3651 | D:4      | Noticed Grinder
  3651 | D:4      | Paralysed by Grinder for 3 turns
  3656 | D:4      | Paralysed by Grinder for 7 turns
  3665 | D:4      | Killed Grinder
  3665 | D:4      | Reached skill level 5 in Short Blades
  3665 | D:4      | Reached skill level 8 in Stealth
  3814 | D:4      | Reached XP level 7. HP: 34/45 MP: 7/7
  4003 | D:4      | Reached skill level 9 in Stealth
  4451 | D:5      | Entered Level 5 of the Dungeon
  4541 | D:5      | Found a staircase to the Ecumenical Temple.
  4654 | D:5      | Reached skill level 10 in Stealth
  4699 | D:5      | Reached XP level 8. HP: 45/50 MP: 8/8
  4762 | D:5      | Found a deep blue altar of Sif Muna.
  5089 | D:5      | Found a shadowy altar of Dithmenos.
  5664 | D:6      | Reached skill level 11 in Stealth
  5759 | D:6      | Found a sparkling altar of Nemelex Xobeh.
  5908 | D:6      | Noticed Sanvar's ghost (novice OpTm)
  5932 | D:6      | Killed Sanvar's ghost
  5932 | D:6      | Reached skill level 12 in Stealth
  5932 | D:6      | Reached XP level 9. HP: 19/54 MP: 9/9
  6493 | D:7      | Found a white marble altar of Elyvilon.
  6504 | D:7      | Noticed a hill giant
  6901 | D:7      | Reached skill level 13 in Stealth
  7221 | D:7      | Found a hide-covered altar of Uskayaw.
  7571 | D:7      | Killed a hill giant
  7571 | D:7      | Reached skill level 10 in Short Blades
  7571 | D:7      | Reached skill level 14 in Stealth
  7571 | D:7      | Reached XP level 10. HP: 17/60 MP: 10/10
  8237 | D:8      | Found a shimmering altar of Xom.
  8237 | D:8      | Found a stormy altar of Qazlal.
  8383 | D:8      | Found an iron altar of Okawaru.
  9355 | D:8      | Slain by an orc warrior

Skill      XL: |  1  2  3  4  5  6  7  8  9 |
---------------+----------------------------+-----
Short Blades   | 3 4 5 6 8 10 | 10.6
Stealth        | 6 7 8 10 12 14 | 14.8
Fighting       | |  2.0
Throwing       | |  2.0
Dodging        | |  1.0
Shields        | |  0.4

Action                   |  1- 3 |  4- 6 |  7- 9 | 10-12 || total
-------------------------+-------+-------+-------+-------++-------
Melee: Dagger            |    56 |    55 |   238 |   108 ||   457
       Constrict         |    11 |    13 |    34 |    14 ||    72
       Tentacles         |     7 |     6 |    40 |    24 ||    77
 Fire: Blowgun           |     4 |       |    12 |       ||    16
Evoke: Wand              |       |     5 |       |     1 ||     6
  Use: Potion            |     1 |     1 |       |     1 ||     3
       Scroll            |       |     8 |     2 |       ||    10
 Stab: Sleeping          |    17 |     5 |    30 |     4 ||    56
       Distracted        |       |     2 |       |       ||     2
       Paralysed         |       |     1 |       |       ||     1
  Eat: Chunk             |     2 |       |       |       ||     2
       Royal jelly       |       |     1 |       |       ||     1
       Pizza             |       |     1 |       |       ||     1
       Meat ration       |       |     1 |     2 |     1 ||     4
       Fruit             |       |       |     1 |       ||     1
Armor: Skin              |     4 |     4 |     8 |     5 ||    21
Dodge: Dodged            |    26 |    18 |    89 |    41 ||   174
Block: Shield            |       |       |       |    11 ||    11
